 Dungeon Crawl Stone Soup version 0.26.1-10-gdfb7c7de75 (webtiles) character file.

Game seed: 172668995397621224

136752 RedRedRas the Magician (level 16, -8/99 HPs)
             Began as a Mummy Venom Mage on Feb 11, 2021.
             Was a High Priest of Hepliaklqana.
             Mangled by a +1 dire flail of holy wrath (25 damage)
             ... on level 1 of the Elven Halls on Apr 9, 2021.
             The game lasted 04:05:37 (49890 turns).

RedRedRas the Magician (Mummy Venom Mage)          Turns: 49890, Time: 04:05:37

Health: -8/99      AC: 17    Str: 12    XL:     16   Next: 67%
Magic:  12/27      EV: 13    Int: 19    God:    Hepliaklqana [*****.]
Gold:   539        SH:  6    Dex: 14    Spells: 3/29 levels left

rFire    + . .     SeeInvis +   g - +0 fustibalus
rCold    + . .     Faith    .   n - +1 buckler
rNeg     + + +     Spirit   .   K - +4 ring mail {rF+}
rPois    ∞         Reflect  .   G - +2 helmet {SInv}
rElec    .         Harm     .   W - +1 cloak {Will+}
rCorr    .         Rampage  .   x - +0 pair of gloves
Will     +++..                  l - +0 pair of boots
Stlth    ++........             D - amulet of regeneration
HPRegen  0.66/turn              i - ring of wizardry
MPRegen  0.20/turn              P - ring of protection from fire

@: very slightly contaminated
A: no potions, fire vulnerability, reduced essence, cold resistance 1, negative
energy resistance 3, torment resistance, unbreathing, in touch with death 1
a: Renounce Religion, Recall Ancestor, Ancestor Identity, Transference, Idealise


You were on level 1 of the Elven Halls.
You worshipped Hepliaklqana.
Hepliaklqana was extremely pleased with you.
You visited 6 branches of the dungeon, and saw 29 of its levels.
You also visited: Volcano and Wizlab.

You collected 3131 gold pieces.
You spent 2592 gold pieces at shops.

Inventory:

Hand Weapons
 a - a +6 dagger of venom
   (You bought it in a shop on level 2 of the Orcish Mines)
 b - a +6 vorpal hand crossbow
   (You bought it in a shop on level 2 of the Orcish Mines)
 c - the +3 trident "Vetug" {drain, rElec Will+}
   (You bought it in a shop on level 7 of the Dungeon)

   A truly terrible weapon, it drains the life of those it strikes.
   It insulates you from electricity.
   It affects your willpower, your defense against some magical effects.
 g - a +0 fustibalus (weapon)
   (You found it on level 1 of the Elven Halls)
 u - a +2 spear of distortion
   (You took it off a wizard in a wizard's laboratory)
 w - a +2 scimitar of flaming
   (You took it off an efreet in a volcano)
 L - the +7 war axe of Imaclin {venom, Str+2}
   (You found it on level 2 of the Lair of Beasts)

   It poisons the flesh of those it strikes.
   It affects your strength (+2).
 Y - a +0 dagger of electrocution
   (You took it off an orc on level 6 of the Dungeon)
Missiles
 d - 14 curare-tipped darts
 e - 236 bolts
 z - 85 poisoned darts
 J - 31 sling bullets (quivered ammo)
 N - 8 atropa-tipped darts
 R - a throwing net {!f}
 S - 7 silver javelins
Armour
 l - a +0 pair of boots (worn)
   (You found it on level 2 of the Dungeon)
 n - a +1 buckler (worn)
   (You found it on level 2 of the Dungeon)
 x - a +0 pair of gloves (worn)
   (You found it on level 6 of the Dungeon)
 G - a +2 helmet of see invisible (worn)
   (You found it on level 13 of the Dungeon)
 K - a +4 ring mail of fire resistance (worn)
   (You bought it in a shop on level 2 of the Orcish Mines)
 M - the +1 cloak of the Frog {rC+ Int+3}
   (You found it in a wizard's laboratory)

   It affects your intelligence (+3).
   It protects you from cold.
 W - a +1 cloak of willpower (worn)
   (You found it in a wizard's laboratory)
 Z - a scarf of invisibility
   (You found it on level 5 of the Lair of Beasts)
Jewellery
 i - a ring of wizardry (left hand)
   (You took it off an orc wizard on level 3 of the Dungeon)
 o - an uncursed ring of wizardry
   (You took it off a centaur on level 6 of the Dungeon)
 D - an amulet of regeneration (around neck)
   (You found it on level 7 of the Dungeon)
 P - a ring of protection from fire (right hand)
   (You found it on level 3 of the Lair of Beasts)
 T - an uncursed ring of flight
   (You found it in a wizard's laboratory)
 V - an uncursed ring of willpower
   (You found it on level 15 of the Dungeon)
 X - an uncursed ring of protection from cold
   (You found it on level 5 of the Lair of Beasts)
Wands
 j - a wand of iceblast (7) {@v2}
   (You found it in a wizard's laboratory)
 q - a wand of disintegration (17)
   (You took it off Sonja on level 12 of the Dungeon)
 v - a wand of flame (50) {@v4}
   (You took it off Edmund on level 6 of the Dungeon)
 y - a wand of polymorph (17)
   (You found it on level 13 of the Dungeon)
 H - a wand of enslavement (21)
   (You found it on level 13 of the Dungeon)
 I - a wand of digging (17) {@v3}
   (You found it on level 9 of the Dungeon)
 O - a wand of random effects (21)
   (You found it on level 1 of the Lair of Beasts)
Scrolls
 f - 5 scrolls of enchant armour
 h - 10 scrolls of remove curse {@r2}
 k - 7 scrolls of fog {!r}
 m - 7 scrolls of immolation
 r - 2 scrolls of magic mapping {@r5 !r}
 s - a scroll of summoning
 t - 3 scrolls of silence
 A - 11 scrolls of teleportation {@r3 !r}
 B - 3 scrolls of fear {!r}
 C - 5 scrolls of vulnerability
 E - 3 scrolls of amnesia
 F - 5 scrolls of identify {@r1}
 U - a scroll of enchant weapon
Miscellaneous
 p - a lightning rod (4/4)
   (You found it on level 14 of the Dungeon)
 Q - a box of beasts
   (You found it on level 13 of the Dungeon)


   Skills:
 + Level 5.7 Fighting
 + Level 4.4(5.4) Short Blades
 + Level 4.7(5.6) Long Blades
 + Level 4.6(6.5) Axes
 + Level 4.9(6.6) Maces & Flails
 + Level 4.7(6.5) Polearms
 + Level 4.8(6.6) Staves
 + Level 4.5(5.3) Slings
 + Level 4.7 Bows
 + Level 4.8 Crossbows
 + Level 4.1(5.1) Throwing
 + Level 4.8 Armour
 + Level 4.7 Dodging
 + Level 5.7 Stealth
 + Level 4.7 Shields
 + Level 4.1 Unarmed Combat
 + Level 7.3 Spellcasting
 + Level 4.2 Conjurations
 + Level 5.6 Hexes
 + Level 4.5 Summonings
 + Level 5.5 Necromancy
 + Level 4.6 Translocations
 + Level 4.7 Transmutations
 + Level 5.0 Fire Magic
 + Level 4.4 Ice Magic
 + Level 4.9 Air Magic
 + Level 4.6 Earth Magic
 + Level 5.2 Poison Magic
 + Level 5.2 Invocations
 + Level 4.2 Evocations


You had 3 spell levels left.
You knew the following spells:

 Your Spells              Type           Power        Failure   Level
a - Stone Arrow           Conj/Erth      46%          4%          3
b - Poisonous Vapours     Pois/Air       52%          1%          2
c - Ignite Poison         Fire/Tmut/Pois 26%          3%          3
d - Olgreb's Toxic Radia  Pois           26%          10%         4
e - Mephitic Cloud        Conj/Pois/Air  25%          3%          3
f - Apportation           Tloc           48%          1%          1
g - Sting                 Tmut/Pois      100%         1%          1
h - Animate Skeleton      Necr           84%          1%          1
i - Dispel Undead         Necr           42%          9%          4
p - Passwall              Tmut/Erth      20%          1%          2
Y - Blink                 Tloc           N/A          1%          2

Your spell library contained the following spells:

 Spells                   Type           Power        Failure   Level
 Corona                   Hex            31%          1%          1
 Magic Dart               Conj           88%          1%          1
 Sandblast                Erth           48%          1%          1
 Summon Small Mammal      Summ           96%          1%          1
 Call Imp                 Summ           24%          1%          2
 Corpse Rot               Necr/Air       N/A          1%          2
 Ensorcelled Hibernation  Hex/Ice        52%          1%          2
 Slow                     Hex            28%          1%          2
 Confusing Touch          Hex            28%          2%          3
 Tukima's Dance           Hex            28%          2%          3
 Dazzling Flash           Conj/Hex       50%          3%          3
 Conjure Flame            Conj/Fire      24%          4%          3
 Petrify                  Tmut/Erth      24%          12%         4
 Agony                    Necr           42%          24%         5
 Excruciating Wounds      Necr           21%          24%         5
 Lee's Rapid Deconstruct  Erth           12%          32%         5
 Summon Forest            Summ/Tloc      12%          32%         5
 Eringya's Noxious Bog    Tmut/Pois      13%          82%         6
 Freezing Cloud           Conj/Ice/Air   12%          86%         6
 Haunt                    Necr/Summ      19%          100%        7
 Summon Hydra             Summ           12%          100%        7
 Infestation              Necr           21%          100%        8
 Sublimation of Blood     Necr           Unusable     N/A         2
 Hydra Form               Tmut           Unusable     N/A         6
 Borgnjor's Revivificati  Necr           Unusable     N/A         8
 Necromutation            Tmut/Necr      Unusable     N/A         8
 Death's Door             Necr           Unusable     N/A         9

Dungeon Overview and Level Annotations

Branches:
Dungeon (15/15)            Temple (1/1) D:7            Lair (6/6) D:9
  Swamp (0/4) Lair:3       Spider (4/4) Lair:2        Slime (0/5) Lair:5
    Orc (2/2) D:11            Elf (1/3) Orc:2        Vaults (0/5) D:13
 Depths (0/5) D:15        Volcano (visited)          WizLab (visited)

Altars:
Ashenzari
Cheibriados
Dithmenos
Elyvilon
Fedhas
Gozag
Hepliaklqana
Kikubaaqudgha
Makhleb
Nemelex Xobeh
Okawaru
Qazlal
Ru
Sif Muna
Trog
Uskayaw
Vehumet
Wu Jian
Xom
Yredelemnul
Zin
The Shining One
Jiyva
Lugonu

Shops:
D:7 *   D:11 ?   D:15 *[   Orc:2 }?=:[(=(

Portals:
Abyss: Spider:2
Trove: D:10 (give 2 scrolls of acquirement)

Annotations:
D:4 Grinder
D:12 2 transporters
Lair:6 exclusion: 3 doors
Spider:1 exclusion: 2 downstairs
Spider:2 2 transporters, lasso's ghost, adept DECj
Spider:3 5 exclusions, Arachne; Bai Suzhen
Spider:4 Roxanne
Orc:2 2 transporters, kelmiir's ghost, journeyman TeAE


Innate Abilities, Weirdness & Mutations

You do not drink.
Your flesh is vulnerable to fire.
You are immune to poison.
Your flesh is cold resistant. (rC+)
You are immune to negative energy. (rN+++)
You are immune to unholy pain and torment.
You can survive without breathing.
You are in touch with the powers of death.
Your life essence is reduced to manifest your ancestor. (-10% HP)


Message History

J - 32 sling bullets (gained 2)
You see here 3 arrows.
You see here 2 arrows.
Items here: ( )) [ †.
You see here 2 arrows.
Magic restored.
A +1 dire flail of holy wrath comes into view.
Casting: Poisonous Vapours (safe; 1% risk of failure)
Confirm with . or Enter, or press ? or * to list all spells.
You can't see any susceptible monsters within range! (Use Z to cast anyway.)
You shoot a sling bullet.
The sling bullet misses the +1 dire flail of holy wrath.
Casting: Poisonous Vapours (safe; 1% risk of failure)
Confirm with . or Enter, or press ? or * to list all spells.
Aiming: Stone Arrow (mildly dangerous; 4% risk of failure)
Press: ? - help, Shift-Dir - straight line, f/p - +1 dire flail of holy wrath
Aim: a +1 dire flail of holy wrath (60% to evade)
The stone arrow hits the +1 dire flail of holy wrath!
The +1 dire flail of holy wrath is moderately damaged.
You swap places.
The +1 dire flail of holy wrath hits Tlalli!
Tlalli hits the +1 dire flail of holy wrath with a +0 broad axe of flaming.
What are your orders? t - Shout!
Orders for allies: a - Attack new target. p - Attack previous target. r - Retreat! s - Stop attacking. g - Guard the area. f - Follow me.
Anything else - Cancel.
Gang up on whom?
Press: ? - help, Dir - move target, f/p - +1 dire flail of holy wrath
Aim: a +1 dire flail of holy wrath (heavily damaged) Attack!
The +1 dire flail of holy wrath hits Tlalli but does no damage.
Tlalli blocks the +1 dire flail of holy wrath's attack.
Tlalli hits the +1 dire flail of holy wrath with a +0 broad axe of flaming.
The +1 dire flail of holy wrath hits Tlalli!
The +1 dire flail of holy wrath hits Tlalli but does no damage.
Tlalli hits the +1 dire flail of holy wrath with a +0 broad axe of flaming!
Tlalli blocks the +1 dire flail of holy wrath's attack.
The +1 dire flail of holy wrath hits Tlalli!
Tlalli hits the +1 dire flail of holy wrath with a +0 broad axe of flaming.
The +1 dire flail of holy wrath barely misses Tlalli.
Tlalli blocks the +1 dire flail of holy wrath's attack.
Tlalli barely misses the +1 dire flail of holy wrath.
Tlalli blocks the +1 dire flail of holy wrath's attack.
The +1 dire flail of holy wrath hits Tlalli!
Tlalli hits the +1 dire flail of holy wrath with a +0 broad axe of flaming.
The +1 dire flail of holy wrath hits Tlalli!
Tlalli closely misses the +1 dire flail of holy wrath.
Tlalli blocks the +1 dire flail of holy wrath's attack.
The +1 dire flail of holy wrath hits Tlalli!!
Tlalli is destroyed!
Casting: Stone Arrow (mildly dangerous; 4% risk of failure)
Confirm with . or Enter, or press ? or * to list all spells.
Aiming: Stone Arrow (mildly dangerous; 4% risk of failure)
Press: ? - help, Shift-Dir - straight line, f/p - +1 dire flail of holy wrath
Aim: a +1 dire flail of holy wrath (heavily damaged, 60% to evade)
You miscast Stone Arrow.
You are very lightly contaminated with residual magic.
Nothing appears to happen.
The +1 dire flail of holy wrath hits you.
You convulse.
Casting: Stone Arrow (mildly dangerous; 4% risk of failure)
Confirm with . or Enter, or press ? or * to list all spells.
Aiming: Stone Arrow (mildly dangerous; 4% risk of failure)
Press: ? - help, Shift-Dir - straight line, f/p - +1 dire flail of holy wrath
Aim: a +1 dire flail of holy wrath (moderately damaged, 60% to evade)
The stone arrow hits the +1 dire flail of holy wrath!
The +1 dire flail of holy wrath is severely damaged.
The +1 dire flail of holy wrath hits you but does no damage.
Casting: Stone Arrow (mildly dangerous; 4% risk of failure)
Confirm with . or Enter, or press ? or * to list all spells.
Aiming: Stone Arrow (mildly dangerous; 4% risk of failure)
Press: ? - help, Shift-Dir - straight line, f/p - +1 dire flail of holy wrath
Aim: a +1 dire flail of holy wrath (severely damaged, 60% to evade)
The stone arrow misses the +1 dire flail of holy wrath.
The +1 dire flail of holy wrath hits you!!
You convulse!!
The +1 dire flail of holy wrath hits you.
You convulse!
* * * LOW HITPOINT WARNING * * *
Casting: Stone Arrow (mildly dangerous; 4% risk of failure)
Confirm with . or Enter, or press ? or * to list all spells.
Aiming: Stone Arrow (mildly dangerous; 4% risk of failure)
Press: ? - help, Shift-Dir - straight line, f/p - +1 dire flail of holy wrath
Aim: a +1 dire flail of holy wrath (severely damaged, 60% to evade)
The stone arrow hits the +1 dire flail of holy wrath!
The +1 dire flail of holy wrath is almost destroyed.
The +1 dire flail of holy wrath hits you!
* * * LOW HITPOINT WARNING * * *
You convulse.
* * * LOW HITPOINT WARNING * * *
Casting: Stone Arrow (mildly dangerous; 4% risk of failure)
Confirm with . or Enter, or press ? or * to list all spells.
Aiming: Stone Arrow (mildly dangerous; 4% risk of failure)
Press: ? - help, Shift-Dir - straight line, f/p - +1 dire flail of holy wrath
Aim: a +1 dire flail of holy wrath (almost destroyed, 60% to evade)
The stone arrow misses the +1 dire flail of holy wrath.
The +1 dire flail of holy wrath hits you!!
You die...

#.(. # #... # ##...#
##..... ## ....... .##
....... ..## .......##
...## #(## #...# ##@##
#...# ##.## #...## ##.##
.....# ##.# .)...+ #. #.#
.....# #.# #.# #.[.##
...#####.#
#...####.##.........#
#...#...............#####


You could see a +1 dire flail of holy wrath.

Vanquished Creatures
  Jorgrun (Spider:1)
  Kirke (Spider:2)
  A frost giant (D:15)
  A ghost moth (Spider:3)
  2 emperor scorpions (Spider:3)
  Nessos (Lair:6)
  A stone giant (Volcano)
  3 deep elf demonologists (Elf:1)
  An entropy weaver (Spider:2)
  Azrael (D:15)
  2 deep elf annihilators (Elf:1)
  Josephine (D:14)
  A yaktaur captain (D:15)
  Fannar (Lair:2)
  A vault guard (D:13)
  2 hydras
  A boulder beetle (D:13)
  A catoblepas (Lair:3)
  6 two-headed ogres
  An ogre mage (D:15)
  4 death yaks
  2 death knights
  3 centaur warriors
  3 orc high priests (Orc:2)
  A thrashing horror (WizLab)
  Urug (Lair:6)
  Sonja (D:12)
  A sun demon (WizLab)
  4 deep elf knights (Elf:1)
  2 unseen horrors
  A shadow wraith (WizLab)
  A glowing orange brain (Elf:1)
  2 wizards
  4 orc knights
  2 lindwurms
  4 deep elf archers (Elf:1)
  22 deep elf magi
  2 orb spiders
  3 orc sorcerers (Orc:2)
  3 cyclopes
  A manticore (D:11)
  10 elephants
  8 ugly things
  A moth of wrath (Spider:2)
  A black mamba (Lair:4)
  6 wolf spiders
  2 guardian serpents
  A stone giant skeleton (WizLab)
  A torpor snail (Lair:3)
  8 cane toads
  6 rime drakes
  2 yaktaurs
  2 demonic crawlers
  5 komodo dragons
  An efreet (Volcano)
  2 kobold demonologists (D:13)
  6 jumping spiders
  A queen bee (D:14)
  5 meliai
  A polar bear (shapeshifter) (D:15)
  A tengu conjurer (D:15)
  6 trolls
  A polar bear (Lair:1)
  13 blink frogs
  7 dream sheep (Lair:6)
  5 slime creatures
  A shadow (D:11)
  An air elemental (Elf:1)
  25 yaks
  25 redbacks
  A water elemental (Elf:1)
  A yak (shapeshifter) (D:13)
  11 tarantellas
  4 basilisks
  21 humans (D:13)
  4 wyverns
  2 vampire mosquitoes (D:13)
  2 steam dragons (D:9)
  Menkaure (D:6)
  A warg (Orc:1)
  Edmund (D:6)
  A soldier ant (D:12)
  2 swamp worms (Lair:1)
  Duvessa (D:7)
  A monstrous demonspawn skeleton (WizLab)
  2 hell hounds
  3 sky beasts
  9 water moccasins
  5 black bears
  A phantom (D:9)
  20 orc warriors
  4 ice beasts
  An eye of draining (D:11)
  26 wolves
  10 ogres
  15 centaurs
  A knight (Lair:2)
  17 bullfrogs
  Dowan (D:7)
  An earth elemental (Volcano)
  31 killer bees
  2 wights (D:6)
  An electric eel (Lair:3)
  3 bullfrog zombies
  2 centaur zombies
  A quasit (D:10)
  A bullfrog skeleton (D:11)
  3 hounds
  A jelly (D:11)
  15 orc priests
  23 orc wizards
  Crazy Yiuf (D:3)
  A centaur skeleton (D:5)
  A gnoll shaman (D:9)
  3 iguanas
  An iron imp (D:7)
  Ijyb (D:4)
  9 worker ants
  6 hell rats (Lair:3)
  3 hound zombies
  3 hound skeletons
  A worker ant zombie (D:7)
  8 adders
  8 gnolls
  A shadow imp (D:6)
  2 ufetubi
  3 adder skeletons
  5 worms
  5 leopard geckos
  55 orcs
  9 giant cockroaches
  11 goblins
  7 hobgoblins
  9 jackals
  2 quokkas (D:6)
  2 ball pythons
  11 bats
  3 frilled lizards
  15 kobolds
  A leopard gecko skeleton (D:5)
  A quokka zombie (D:5)
  3 rats
695 creatures vanquished.

Vanquished Creatures (collateral kills)
  Louise (D:15)
  5 hydras
  A dancing weapon (Elf:1)
  A death yak (Lair:6)
  A two-headed ogre (D:15)
  A deep elf knight (Elf:1)
  2 wolf spider zombies
  A deep elf archer (Elf:1)
  A mana viper (WizLab)
  2 deep elf magi (Elf:1)
  A cyclops (Orc:2)
  An elephant (Lair:3)
  2 black mambas
  3 guardian serpents
  4 gargoyles
  4 cane toads
  A centaur skeleton (D:15)
  3 komodo dragons
  5 demonic crawlers
  A rime drake (Lair:6)
  A tengu conjurer (D:15)
  A jumping spider (Spider:3)
  A troll (D:15)
  A meliai (D:13)
  3 blink frogs
  A nameless horror (Spider:3)
  A slime creature (D:11)
  5 redbacks
  A shadow (D:12)
  2 basilisks
  4 wraiths (D:14)
  A hog (Spider:2)
  2 yaks
  Grum (D:8)
  A fire elemental (D:15)
  2 vampire mosquitoes (D:13)
  A spatial vortex (WizLab)
  2 hell hounds (D:15)
  A small abomination (WizLab)
  6 water moccasins
  A black bear (D:12)
  An orc warrior (Orc:1)
  2 sky beasts (D:9)
  A wolf (Lair:2)
  3 centaurs
  2 big kobolds
  3 bullfrogs
  An earth elemental (Volcano)
  A scorpion (D:11)
  3 killer bees
  A crimson imp (WizLab)
  A centaur zombie (D:7)
  An orc priest (D:12)
  A hound (D:7)
  4 orc wizards
  An iguana (D:11)
  2 worker ants
  4 gnolls
  A howler monkey skeleton (D:10)
  4 adders
  2 white imps (D:7)
  An adder zombie (D:9)
  A leopard gecko (D:10)
  12 orcs
  A kobold (D:13)
134 creatures vanquished.

Vanquished Creatures (others)
  5 humans (Spider:2)
  An orc priest (Orc:2)
  18 knights
  An ancestor (D:8)
  66 fungi
  91 plants
  A snaplasher vine (Spider:3)
183 creatures vanquished.

Grand Total: 1012 creatures vanquished

Notes
Turn   | Place    | Note
-------+----------+-------------------------------------------
     0 | D:1      | RedRedRas the Mummy Venom Mage began the quest for the Orb.
     0 | D:1      | Reached XP level 1. HP: 13/13 MP: 4/4
   205 | D:1      | You miscast Sting.
   316 | D:1      | Reached XP level 2. HP: 19/19 MP: 3/5
   322 | D:1      | Learned a level 2 spell: Poisonous Vapours
   322 | D:1      | You miscast Sting.
   526 | D:1      | You miscast Sting.
   617 | D:1      | You miscast Sting.
   969 | D:1      | You miscast Sting.
   970 | D:1      | You miscast Sting.
  1262 | D:2      | Reached XP level 3. HP: 24/24 MP: 0/7
  1342 | D:2      | You miscast Poisonous Vapours.
  1343 | D:2      | You miscast Poisonous Vapours.
  1927 | D:2      | You miscast Poisonous Vapours.
  1937 | D:2      | 19% fail on PV
  1981 | D:2      | You miscast Poisonous Vapours.
  1985 | D:2      | You miscast Sting.
  2159 | D:2      | You miscast Poisonous Vapours.
  2282 | D:2      | You miscast Poisonous Vapours.
  2283 | D:2      | You miscast Poisonous Vapours.
  2413 | D:2      | You miscast Sting.
  2482 | D:2      | You miscast Sting.
  2822 | D:3      | You miscast Poisonous Vapours.
  2838 | D:3      | You miscast Sting.
  2845 | D:3      | You miscast Sting.
  2950 | D:3      | Reached XP level 4. HP: 30/30 MP: 5/8
  3034 | D:3      | You miscast Sting.
  3071 | D:3      | You miscast Sting.
  3412 | D:3      | You miscast Sting.
  3489 | D:3      | You miscast Sting.
  3500 | D:3      | You miscast Sting.
  3510 | D:3      | You miscast Sting.
  3729 | D:3      | You miscast Poisonous Vapours.
  3748 | D:3      | Learned a level 3 spell: Ignite Poison
  3840 | D:3      | Found a runed translucent door.
  3841 | D:3      | Noticed Crazy Yiuf
  3854 | D:3      | Killed Crazy Yiuf
  3855 | D:3      | Reached skill level 3 in Spellcasting
  3855 | D:3      | Reached XP level 5. HP: 27/35 MP: 3/9
  4135 | D:4      | Noticed Grinder
  4208 | D:4      | 10% fail on PV
  4294 | D:4      | Noticed Ijyb
  4298 | D:4      | You miscast Ignite Poison.
  4304 | D:4      | Killed Ijyb
  4446 | D:4      | You miscast Poisonous Vapours.
  4986 | D:5      | Entered Level 5 of the Dungeon
  4986 | D:5      | Noticed an ogre
  4989 | D:5      | Reached XP level 6. HP: 41/41 MP: 5/10
  4996 | D:4      | Learned a level 4 spell: Olgreb's Toxic Radiance
  5237 | D:5      | You miscast Poisonous Vapours.
  5242 | D:5      | Reached skill level 1 in Short Blades
  5393 | D:5      | Reached skill level 1 in Axes
  5393 | D:5      | Reached skill level 1 in Air Magic
  5550 | D:5      | Noticed an ice beast
  5626 | D:6      | Reached skill level 1 in Transmutations
  5639 | D:6      | You miscast Poisonous Vapours.
  5741 | D:6      | Reached skill level 1 in Staves
  5741 | D:6      | Reached skill level 1 in Hexes
  5741 | D:6      | Reached skill level 1 in Fire Magic
  5741 | D:6      | Reached XP level 7. HP: 47/47 MP: 2/11
  5745 | D:6      | Reached skill level 2 in Stealth
  5835 | D:6      | You miscast Ignite Poison.
  5837 | D:6      | Reached skill level 1 in Polearms
  5837 | D:6      | Reached skill level 1 in Shields
  5837 | D:6      | Reached skill level 1 in Invocations
  5979 | D:6      | Reached skill level 1 in Long Blades
  5979 | D:6      | Reached skill level 1 in Bows
  5979 | D:6      | Reached skill level 1 in Translocations
  5979 | D:6      | Reached skill level 1 in Ice Magic
  6087 | D:5      | Reached skill level 1 in Crossbows
  6225 | D:5      | You miscast Poisonous Vapours.
  6472 | D:5      | Reached skill level 1 in Necromancy
  6667 | D:5      | Reached skill level 1 in Conjurations
  6723 | D:5      | Found a blossoming altar of Fedhas.
  6979 | D:6      | You miscast Olgreb's Toxic Radiance.
  6997 | D:6      | Reached skill level 1 in Armour
  6997 | D:6      | Reached skill level 2 in Dodging
  6997 | D:6      | Reached XP level 8. HP: 53/53 MP: 0/12
  7123 | D:6      | Reached skill level 1 in Fighting
  7133 | D:6      | Noticed Edmund
  7142 | D:6      | Killed Edmund
  7143 | D:6      | Reached skill level 1 in Summonings
  7287 | D:6      | Reached skill level 1 in Slings
  7287 | D:6      | Reached skill level 1 in Throwing
  7303 | D:6      | You miscast Olgreb's Toxic Radiance.
  7320 | D:6      | Reached skill level 1 in Maces & Flails
  7320 | D:6      | Reached skill level 1 in Unarmed Combat
  7322 | D:6      | Noticed Menkaure
  7325 | D:6      | Killed Menkaure
  7548 | D:6      | Reached skill level 1 in Evocations
  7987 | D:6      | Reached skill level 1 in Earth Magic
  7987 | D:6      | Reached skill level 3 in Poison Magic
  8266 | D:6      | Learned a level 3 spell: Mephitic Cloud
  8344 | D:6      | You miscast Ignite Poison.
  8346 | D:6      | Ab hier IP 9% PV 4%
  8508 | D:7      | Reached XP level 9. HP: 59/59 MP: 6/14
  8602 | D:7      | Noticed Duvessa
  8609 | D:7      | Killed Duvessa
  8617 | D:7      | Noticed Dowan
  8620 | D:7      | You miscast Poisonous Vapours.
  8635 | D:7      | Killed Dowan
  8784 | D:7      | Found Buiq's General Store.
  8973 | D:7      | You miscast Poisonous Vapours.
  8976 | D:7      | Reached skill level 2 in Fire Magic
  9041 | D:7      | Found a staircase to the Ecumenical Temple.
  9050 | Temple   | Entered the Ecumenical Temple
  9187 | Temple   | Became a worshipper of Hepliaklqana the Forgotten
  9373 | D:7      | Reached skill level 2 in Necromancy
  9491 | D:7      | Reached skill level 2 in Hexes
  9495 | D:7      | Reached skill level 2 in Axes
  9609 | D:7      | You miscast Olgreb's Toxic Radiance.
  9728 | D:7      | You miscast Ignite Poison.
  9729 | D:7      | You miscast Ignite Poison.
  9965 | D:7      | You miscast Poisonous Vapours.
  9966 | D:7      | You miscast Poisonous Vapours.
 10388 | D:7      | Found a snail-covered altar of Cheibriados.
 10611 | D:8      | You miscast Ignite Poison.
 11005 | D:8      | You miscast Poisonous Vapours.
 11080 | D:8      | You miscast Olgreb's Toxic Radiance.
 11081 | D:8      | You miscast Poisonous Vapours.
 11174 | D:8      | Reached * piety under Hepliaklqana
 11371 | D:9      | Noticed Grum
 11372 | D:9      | You miscast Olgreb's Toxic Radiance.
 11375 | D:9      | You miscast Ignite Poison.
 11376 | D:9      | Reached skill level 2 in Air Magic
 11376 | D:9      | You miscast Ignite Poison.
 11552 | D:8      | You miscast Ignite Poison.
 11554 | D:8      | Reached skill level 2 in Bows
 11554 | D:8      | Reached skill level 2 in Transmutations
 11561 | D:8      | Killed Grum
 11562 | D:8      | Reached skill level 2 in Fighting
 11562 | D:8      | Reached skill level 2 in Armour
 11700 | D:9      | Reached skill level 2 in Invocations
 11708 | D:8      | Reached XP level 10. HP: 59/60 MP: 1/15
 11813 | D:8      | You miscast Poisonous Vapours.
 11942 | D:9      | Reached skill level 4 in Spellcasting
 12201 | D:9      | Reached skill level 2 in Long Blades
 12397 | D:9      | You miscast Ignite Poison.
 12399 | D:9      | Reached skill level 2 in Short Blades
 12399 | D:9      | Reached skill level 2 in Polearms
 12480 | D:9      | Reached skill level 2 in Translocations
 12554 | D:9      | You miscast Ignite Poison.
 12556 | D:9      | Reached skill level 2 in Staves
 12562 | D:9      | You miscast Poisonous Vapours.
 12571 | D:9      | Reached skill level 3 in Stealth
 12571 | D:9      | Reached skill level 2 in Earth Magic
 12578 | D:9      | You miscast Poisonous Vapours.
 12595 | D:9      | You miscast Poisonous Vapours.
 12622 | D:9      | Reached skill level 2 in Maces & Flails
 12622 | D:9      | Reached skill level 2 in Slings
 12735 | D:9      | Found a radiant altar of Vehumet.
 12740 | D:9      | Found a hide-covered altar of Uskayaw.
 12740 | D:9      | Found a sacrificial altar of Ru.
 12751 | D:9      | Found an iron altar of Okawaru.
 12754 | D:9      | Found a shimmering blue altar of Sif Muna.
 12787 | D:9      | Found a staircase to the Lair.
 12874 | D:9      | You miscast Poisonous Vapours.
 13057 | D:9      | Reached skill level 2 in Ice Magic
 13148 | D:9      | Reached skill level 2 in Shields
 13319 | D:10     | Entered Level 10 of the Dungeon
 13327 | D:10     | You miscast Olgreb's Toxic Radiance.
 13417 | D:10     | Reached ** piety under Hepliaklqana
 13418 | D:10     | Remembered your ancestor Tlalli as a knight
 13462 | D:10     | Reached skill level 2 in Summonings
 13489 | D:10     | Found a portal to a secret trove of treasure.
 13577 | D:10     | You miscast Poisonous Vapours.
 13849 | D:10     | Got a twisted robe
 13888 | D:10     | Reached skill level 2 in Crossbows
 13888 | D:10     | Reached skill level 2 in Conjurations
 13888 | D:10     | Reached skill level 3 in Hexes
 13924 | D:10     | Identified the cursed +0 robe of Sojive {Will+ Int+4} (You
                  | found it on level 10 of the Dungeon)
 14183 | D:11     | Noticed a cyclops
 14195 | D:11     | Killed a cyclops
 14196 | D:11     | Reached skill level 3 in Necromancy
 14310 | D:11     | Noticed a guardian serpent
 14317 | D:11     | Killed a guardian serpent
 14405 | D:11     | HP: 1/61 [something (11)]
 14515 | D:11     | Reached XP level 11. HP: 49/66 MP: 3/17
 14671 | D:11     | Reached skill level 2 in Throwing
 14909 | D:11     | Noticed a green ugly thing
 14923 | D:11     | You miscast Ignite Poison.
 14924 | D:11     | Killed a green ugly thing
 14925 | D:11     | Reached skill level 2 in Unarmed Combat
 15047 | D:11     | Noticed a purple ugly thing
 15053 | D:11     | Killed a purple ugly thing
 15149 | D:11     | You miscast Ignite Poison.
 15151 | D:11     | Reached skill level 2 in Evocations
 15240 | D:11     | You miscast Sting.
 15247 | D:11     | Reached skill level 3 in Fighting
 15363 | D:11     | Learned a level 2 spell: Blink
 15504 | D:11     | Killed an unseen horror
 15589 | D:11     | You miscast Olgreb's Toxic Radiance.
 15705 | D:11     | You miscast Olgreb's Toxic Radiance.
 16127 | D:11     | Found Ihitaes's Magic Scroll Boutique.
 16163 | D:11     | Found a staircase to the Orcish Mines.
 16221 | Lair:1   | Entered Level 1 of the Lair of Beasts
 16275 | Lair:1   | Reached skill level 3 in Dodging
 16443 | Lair:1   | You fall into a shaft and drop 1 floor!
 16708 | Lair:2   | Noticed an eight-headed hydra
 16734 | Lair:2   | Found a hole to the Spider Nest.
 17013 | Lair:2   | Killed an eight-headed hydra
 17014 | Lair:2   | Reached skill level 3 in Invocations
 17160 | Lair:2   | You miscast Ignite Poison.
 17276 | Lair:2   | Reached *** piety under Hepliaklqana
 17321 | Lair:2   | Noticed Fannar
 17324 | Lair:2   | You miscast Ignite Poison.
 17326 | Lair:2   | Reached skill level 3 in Armour
 17326 | Lair:2   | Killed Fannar
 17327 | Lair:2   | Reached skill level 3 in Bows
 17327 | Lair:2   | Reached skill level 3 in Transmutations
 17327 | Lair:2   | Reached skill level 3 in Air Magic
 17566 | Lair:2   | Reached XP level 12. HP: 69/72 MP: 12/19
 17696 | Lair:2   | Reached skill level 3 in Polearms
 18133 | Lair:1   | Reached skill level 3 in Summonings
 18453 | Lair:1   | You miscast Poisonous Vapours.
 18667 | Orc:1    | Entered Level 1 of the Orcish Mines
 18746 | Orc:1    | Reached **** piety under Hepliaklqana
 18982 | Orc:2    | Entered Level 2 of the Orcish Mines
 18982 | Orc:2    | Found Difuykasoz's Jewellery Emporium.
 19114 | Orc:1    | Reached skill level 3 in Staves
 19114 | Orc:1    | Reached skill level 3 in Earth Magic
 19214 | Orc:2    | You miscast Olgreb's Toxic Radiance.
 19255 | Orc:2    | Found a transporter.
 19256 | Orc:2    | Noticed kelmiir's ghost (journeyman TeAE)
 19258 | Orc:2    | Found a transporter.
 19274 | Orc:2    | Reached skill level 3 in Crossbows
 19297 | Orc:2    | Bought an uncursed ring of fire for 375 gold pieces
 19344 | Orc:2    | Reached skill level 3 in Short Blades
 19344 | Orc:2    | Reached skill level 3 in Long Blades
 19344 | Orc:2    | Reached skill level 5 in Spellcasting
 19345 | Orc:2    | Found a dark tunnel.
 19363 | Volcano  | Entered a volcano
 19788 | Volcano  | Noticed a stone giant
 19795 | Volcano  | Killed a stone giant
 19796 | Volcano  | Reached skill level 3 in Axes
 19796 | Volcano  | Reached skill level 3 in Fire Magic
 19796 | Volcano  | Reached skill level 3 in Ice Magic
 20082 | Orc:2    | Noticed a two-headed ogre
 20087 | Orc:2    | Killed a two-headed ogre
 20088 | Orc:2    | Reached skill level 3 in Slings
 20406 | Orc:2    | Found Yrapoig's Gadget Boutique.
 20445 | Orc:2    | Found Catacitt's Weapon Emporium.
 20491 | Orc:2    | Found a staircase to the Elven Halls.
 20512 | Orc:2    | Found Cadyireo's Book Boutique.
 20683 | Orc:2    | Reached skill level 4 in Hexes
 20683 | Orc:2    | Reached skill level 4 in Poison Magic
 20836 | Orc:2    | Noticed an orc high priest
 20841 | Orc:2    | Killed an orc high priest
 20842 | Orc:2    | Reached skill level 3 in Maces & Flails
 20906 | Orc:2    | Noticed an orc high priest
 20907 | Orc:2    | You miscast Olgreb's Toxic Radiance.
 21032 | Orc:2    | Killed an orc high priest
 21033 | Orc:2    | Reached skill level 3 in Translocations
 21132 | Orc:2    | Reached skill level 4 in Stealth
 21298 | Orc:2    | Noticed an orc high priest
 21299 | Orc:2    | You miscast Olgreb's Toxic Radiance.
 21303 | Orc:2    | Gained mutation: You are in touch with the powers of death.
                  | [Mummy growth]
 21303 | Orc:2    | Reached XP level 13. HP: 79/79 MP: 6/20
 21304 | Orc:2    | Reached skill level 3 in Shields
 21401 | Orc:2    | Found Wukhaotots's Jewellery Shop.
 21401 | Orc:2    | Found Jaemn's Magic Scroll Emporium.
 21403 | Orc:2    | Found Orets's Weapon Shop.
 21403 | Orc:2    | Found Mesory Ymask's Armour Emporium.
 21420 | Orc:2    | Bought a scroll of enchant weapon for 90 gold pieces
 21466 | Orc:2    | Bought a +6 dagger of venom for 447 gold pieces
 21887 | Orc:2    | Bought a +4 hand crossbow for 280 gold pieces
 21910 | Orc:2    | Bought a +4 ring mail of fire resistance for 496 gold
                  | pieces
 22407 | Lair:2   | Reached skill level 4 in Fighting
 22543 | Lair:2   | Identified the +7 war axe of Imaclin {venom, Str+2} (You
                  | found it on level 2 of the Lair of Beasts)
 23362 | Lair:3   | You miscast Olgreb's Toxic Radiance.
 23701 | Lair:3   | Reached skill level 3 in Unarmed Combat
 23701 | Lair:3   | Reached skill level 4 in Necromancy
 23974 | Lair:3   | Found a staircase to the Swamp.
 23983 | Lair:3   | You miscast Poisonous Vapours.
 24666 | Lair:4   | Reached skill level 3 in Conjurations
 24886 | Lair:4   | Learned a level 1 spell: Apportation
 24921 | Lair:4   | Reached skill level 3 in Throwing
 24921 | Lair:4   | Reached skill level 3 in Evocations
 25182 | Lair:4   | You miscast Ignite Poison.
 26903 | Lair:5   | Reached skill level 4 in Invocations
 27568 | Lair:5   | Reached ***** piety under Hepliaklqana
 27974 | Lair:5   | Found a viscous altar of Jiyva.
 27975 | Lair:5   | Found a staircase to the Slime Pits.
 28372 | Lair:6   | Entered Level 6 of the Lair of Beasts
 29029 | Lair:6   | Reached XP level 14. HP: 81/86 MP: 3/22
 29956 | Lair:6   | Noticed Nessos
 29961 | Lair:6   | You miscast Ignite Poison.
 30178 | Lair:6   | You miscast Ignite Poison.
 30493 | Lair:6   | Noticed Urug
 30504 | Lair:6   | Killed Urug
 30956 | Orc:2    | Bought a book of Geomancy for 455 gold pieces
 30959 | Orc:2    | Learned a level 2 spell: Passwall
 30963 | Orc:2    | Learned a level 3 spell: Stone Arrow
 31220 | Lair:6   | You miscast Ignite Poison.
 31531 | Lair:6   | You miscast Olgreb's Toxic Radiance.
 32043 | Lair:6   | Killed Nessos
 32044 | Lair:6   | Reached skill level 4 in Armour
 32044 | Lair:6   | Reached skill level 4 in Transmutations
 32768 | D:12     | You miscast Olgreb's Toxic Radiance.
 32771 | D:12     | You miscast Ignite Poison.
 33138 | D:12     | Found a transporter.
 33168 | D:12     | Found a transporter.
 33170 | D:12     | Found a corrupted altar of Lugonu.
 33195 | D:12     | Reached skill level 5 in Fighting
 33215 | D:12     | You miscast Olgreb's Toxic Radiance.
 33495 | D:12     | Reached skill level 6 in Spellcasting
 33661 | D:11     | Reached skill level 4 in Crossbows
 33778 | D:12     | Noticed Sonja
 33788 | D:12     | Killed Sonja
 33795 | D:12     | You fall into a shaft and drop 3 floors!
 33795 | D:15     | Entered Level 15 of the Dungeon
 33801 | D:15     | Reached skill level 4 in Air Magic
 33807 | D:15     | Reached skill level 4 in Staves
 33825 | D:15     | Found Ekesebuck's Armour Emporium.
 33948 | D:14     | Noticed Josephine
 33956 | D:14     | Killed Josephine
 33985 | D:14     | Reached skill level 4 in Summonings
 34100 | D:14     | Reached skill level 4 in Shields
 34107 | D:14     | You miscast Olgreb's Toxic Radiance.
 34108 | D:14     | You miscast Olgreb's Toxic Radiance.
 34112 | D:14     | Reached skill level 4 in Polearms
 34125 | D:14     | Reached skill level 4 in Maces & Flails
 34125 | D:14     | Reached skill level 4 in Bows
 34473 | D:13     | Found an ornate altar of the Wu Jian Council.
 34480 | D:13     | Reached skill level 4 in Translocations
 34832 | D:13     | Reached skill level 4 in Long Blades
 34962 | D:13     | You miscast Poisonous Vapours.
 34991 | D:13     | Reached skill level 4 in Fire Magic
 34996 | D:13     | Reached skill level 4 in Dodging
 35287 | D:13     | You miscast Ignite Poison.
 35392 | D:13     | Found a gate to the Vaults.
 35399 | D:13     | Reached skill level 5 in Hexes
 35474 | D:13     | Reached XP level 15. HP: 68/92 MP: 10/24
 35899 | D:13     | You fall into a shaft and drop 2 floors!
 36450 | D:14     | You miscast Olgreb's Toxic Radiance.
 36451 | D:14     | You miscast Olgreb's Toxic Radiance.
 36455 | D:14     | Reached skill level 5 in Stealth
 37084 | D:15     | Reached skill level 4 in Short Blades
 37084 | D:15     | Reached skill level 4 in Ice Magic
 37109 | D:15     | Reached skill level 4 in Earth Magic
 37110 | D:15     | Reached skill level 5 in Necromancy
 37228 | D:15     | You miscast Olgreb's Toxic Radiance.
 37407 | D:15     | You miscast Stone Arrow.
 37482 | D:15     | Reached skill level 4 in Slings
 37739 | D:15     | Found Tehui's General Store.
 37827 | D:15     | You miscast Olgreb's Toxic Radiance.
 37975 | D:15     | Reached skill level 4 in Axes
 38025 | D:15     | Found a staircase to the Depths.
 38025 | D:15     | Noticed a frost giant
 38031 | D:15     | Killed a frost giant
 38362 | D:15     | Noticed Azrael
 38395 | D:15     | Killed Azrael
 39014 | D:15     | Found a glowing silver altar of Zin.
 39028 | D:15     | Noticed Louise
 39360 | D:15     | Got a pitted brass ring
 39361 | D:15     | Identified the ring of Xooragewk {*Tele rElec rN+++ Will-}
                  | (You found it on level 15 of the Dungeon)
 39568 | D:15     | Found Tehui's General Store.
 39616 | D:15     | Found Ekesebuck's Armour Emporium.
 39733 | D:15     | Found a glowing silver altar of Zin.
 39843 | D:15     | Killed Louise
 40721 | D:7      | Bought the +3 trident "Vetug" {drain, rElec Will+} for 449
                  | gold pieces
 40867 | Spider:1 | Entered Level 1 of the Spider Nest
 40931 | Spider:1 | Noticed Jorgrun
 41053 | Spider:1 | You miscast Ignite Poison.
 41164 | Lair:2   | You miscast Olgreb's Toxic Radiance.
 41370 | Spider:1 | Killed Jorgrun
 41521 | Spider:1 | You miscast Olgreb's Toxic Radiance.
 42877 | Spider:2 | Noticed Kirke
 42887 | Spider:2 | Killed Kirke
 42888 | Spider:2 | Reached skill level 5 in Poison Magic
 42888 | Spider:2 | Reached skill level 5 in Invocations
 43717 | Spider:2 | Found a one-way gate to the infinite horrors of the Abyss.
 43717 | Spider:2 | Noticed lasso's ghost (adept DECj)
 43894 | Spider:2 | Found a transporter.
 43905 | Spider:2 | Found a transporter.
 44507 | Spider:3 | Reached XP level 16. HP: 94/99 MP: 13/26
 44834 | Spider:3 | Noticed Arachne
 45022 | Spider:3 | You miscast Stone Arrow.
 45025 | Spider:3 | You miscast Stone Arrow.
 45167 | Spider:3 | Learned a level 5 spell: Summon Forest
 45168 | Spider:3 | You miscast Summon Forest.
 45216 | Spider:3 | Noticed Bai Suzhen
 45957 | Spider:4 | Entered Level 4 of the Spider Nest
 45957 | Spider:4 | Noticed Roxanne
 45989 | Spider:3 | Reached skill level 4 in Conjurations
 45989 | Spider:3 | Reached skill level 4 in Evocations
 46277 | Elf:1    | Entered Level 1 of the Elven Halls
 46285 | Elf:1    | Reached skill level 7 in Spellcasting
 46442 | Elf:1    | Reached skill level 4 in Throwing
 46501 | Elf:1    | Found a magical portal.
 46536 | WizLab   | Entered The Roulette of Golubria
 46536 | WizLab   | Found a transporter.
 46541 | WizLab   | Learned a level 1 spell: Animate Skeleton
 46546 | WizLab   | Learned a level 4 spell: Dispel Undead
 46581 | WizLab   | Found a corrupted altar of Lugonu.
 46652 | WizLab   | You miscast Stone Arrow.
 46788 | WizLab   | Found a transporter.
 46809 | WizLab   | Found a transporter.
 46820 | WizLab   | You miscast Dispel Undead.
 47031 | WizLab   | You miscast Dispel Undead.
 47128 | WizLab   | Found a transporter.
 47302 | WizLab   | Found a transporter.
 47371 | WizLab   | You miscast Stone Arrow.
 47451 | WizLab   | Found a transporter.
 47492 | WizLab   | Found a transporter.
 47531 | WizLab   | Reached skill level 4 in Unarmed Combat
 47746 | WizLab   | Found a transporter.
 47799 | WizLab   | Found a transporter.
 47799 | WizLab   | Found a transporter.
 47934 | WizLab   | Found a corrupted altar of Lugonu.
 47943 | WizLab   | Identified the +1 cloak of the Teacher {*Contam *Drain SInv
                  | Stlth+} (You found it in a wizard's laboratory)
 47945 | WizLab   | Found a transporter.
 47965 | WizLab   | Found a transporter.
 48075 | WizLab   | Found a transporter.
 48081 | WizLab   | Identified the cursed -4 cloak of Qyrintit {Will+} (You
                  | found it in a wizard's laboratory)
 48082 | WizLab   | Identified the +1 cloak of the Frog {rC+ Int+3} (You found
                  | it in a wizard's laboratory)
 48086 | WizLab   | Found a transporter.
 48089 | WizLab   | Found a corrupted altar of Lugonu.
 48447 | Orc:2    | Upgraded the game from 0.26.1-2-gb8aa6d0cf2 to
                  | 0.26.1-10-gdfb7c7de75
 48777 | Elf:1    | You miscast Olgreb's Toxic Radiance.
 48792 | Elf:1    | Noticed a Hell Sentinel
 48985 | Elf:1    | Noticed an Executioner
 48986 | Elf:1    | Noticed a Tzitzimitl
 49173 | Elf:1    | You miscast Poisonous Vapours.
 49174 | Elf:1    | You miscast Olgreb's Toxic Radiance.
 49178 | Elf:1    | Reached skill level 5 in Fire Magic
 49693 | Elf:1    | You miscast Olgreb's Toxic Radiance.
 49886 | Elf:1    | You miscast Stone Arrow.
 49890 | Elf:1    | Mangled by a +1 dire flail of holy wrath

Illustrated notes #+# #.# #.# ##.##### ##...... ..###.....# #.........# #@# #.# #.# #.# #.# #.# ######### #.# ........# #.####### #######.# #.......# # Turn 1937 on D:2: 19% fail on PV #####..... ####........ . §≈#.......# .. .........#... ...## #...........##.....# #....<.###...#.....# +......+............ ..####...@..# #...#.....## ............# #......##... .......†.†..# #.#.##.##..# ........##'####.#....##..# ........##...........##... ##......##########.#.....# #......# #.......... #......# #.#..###... ######## ####.##.###.## Turn 4208 on D:4: 10% fail on PV

...##...##.........#....##.#...#
#..#...###.........#).#.##.#...##
#.#..###....#.........#.........#
##...###...##.......###.....(.##.
#....#..#####........#..........
###.#............................
.#........####...................
..<........####...............#..
............#.(.@....<#..........
...............#.................
.........#.##.##)................
.........######).#####...........
..........### #......##.#........
##........#.###.......###....###.
####....#...##.....#........#....
........##.........# ...........#
.....#.####........#...##.....>.#


Turn 8346 on D:6: Ab hier IP 9% PV 4%

Levels and vault maps discovered:
D:1:      minmay_arrival_shattered_statue, layout_loops_ring, serial_forest,
          infiniplex_forest_clump_tiny, infiniplex_forest_straight_4,
          infiniplex_forest_zigzag_2, infiniplex_forest_clump_medium,
          infiniplex_forest_corner_1, infiniplex_forest_side_room,
          infiniplex_forest_end_3, infiniplex_forest_corner_1
D:2:      layout_loops_corners
D:3:      layout_rooms, chequers_serial_rivers_small_b, uniq_crazy_yiuf_cottage
D:4:      layout_basic, amcnicky_mini_rare_corridor_liquid, uniq_grinder,
          uniq_ijyb
D:5:      layout_basic, fedhas_altar_4
D:6:      layout_cave_pools, uniq_edmund, uniq_menkaure
D:7:      minmay_razor_zed, layout_gridville, minmay_temple_entry_glassed_door,
          serial_shops, kennysheep_mini_moat, chei_slow_surprise, uniq_duvessa
D:8:      layout_loops_cross
D:9:      layout_cross, minmay_overflow_temple_star_hex, dpeg_oklobed_lair,
          hangedman_misty_isle, uniq_grum
D:10:     layout_basic, enter_trove_1
D:11:     nrook_guardian_serpent_snake_passage, layout_gridville, orc_0_dummy,
          serial_shops, shop
D:12:     gammafunk_corrupted_shrine, layout_rooms, minivault_26, uniq_sonja
D:13:     layout_rooms, grunt_vaults_entry_tiered, basic_altar
D:14:     layout_roguey [special_room_bee], chequers_serial_rivers_large_a,
          uniq_josephine
D:15:     grunt_enter_depths_snipers, layout_basic, zin_angel, serial_shops,
          shop, shop, minivault_10, uniq_azrael, uniq_louise
Temple:   eino_temple_scatter_basement
Lair:1:   layout_roguey, worms_lemuel, lemuel_fruit_tree
Lair:2:   layout_layer_cave, dummy_spider_entry, special_room,
          minmay_stone_trees_medium, grunt_megastairs_5, uniq_fannar
Lair:3:   layout_regular_city, swamp_mist_pool, st_stairs_8, minivault_11
Lair:4:   layout_layer_cave, grunt_megastairs_3, wad_woods_river_01
Lair:5:   layout_cave_pods, dpeg_slime_entry_enclosed_altar,
          chequers_serial_rivers_micro_e
Lair:6:   due_jungle_book, layout_cave_pods, minmay_lair_drake_nest, uniq_urug,
          uniq_nessos
Spider:1: layout_spider_delve, uniq_jorgrun
Spider:2: layout_spider_delve, gammafunk_ghost_abyssal_escape,
          nicolae_spider_cling_ruins, uniq_kirke
Spider:3: layout_chambers, hangedman_spider_tarantella_strand, uniq_arachne,
          uniq_bai_suzhen
Spider:4: grunt_spider_rune_parallel, uniq_roxanne
Orc:1:    layout_caves
Orc:2:    grunt_orc_tribal_feast, layout_caves, serial_shops, shop,
          nicolae_shop_behind_doors, nicolae_shop_behind_doors, shop,
          gammafunk_ghost_arena, nicolae_volcano_entry_vermiform
Elf:1:    minmay_elf_arrival_circle, layout_rooms,
          infiniplex_enter_wizlab_glasses, hangedman_elf_represent

Skill      XL: |  1  2  3  4  5  6  7  8  9 10 11 12 13 14 15 16 |
---------------+-------------------------------------------------+-----
Spellcasting   | 3 4 5 6 7 |  7.3
Short Blades   | 1 2 3 4 |  4.4
Axes           | 1 2 3 4 |  4.6
Air Magic      | 1 2 3 4 |  4.9
Transmutations | 1 2 3 4 |  4.7
Staves         | 1 2 3 4 |  4.8
Hexes          | 1 2 3 4 5 |  5.6
Fire Magic     | 1 2 3 4 5 |  5.0
Stealth        | 2 3 4 5 |  5.7
Polearms       | 1 2 3 4 |  4.7
Shields        | 1 2 3 4 |  4.7
Invocations    | 1 2 3 4 5 |  5.2
Long Blades    | 1 2 3 4 |  4.7
Bows           | 1 2 3 4 |  4.7
Translocations | 1 2 3 4 |  4.6
Ice Magic      | 1 2 3 4 |  4.4
Crossbows      | 1 2 3 4 |  4.8
Necromancy     | 1 2 3 4 5 |  5.5
Conjurations   | 1 2 3 4 |  4.2
Armour         | 1 2 3 4 |  4.8
Dodging        | 2 3 4 |  4.7
Fighting       | 1 2 3 4 5 |  5.7
Summonings     | 1 2 3 4 |  4.5
Slings         | 1 2 3 4 |  4.5
Throwing       | 1 2 3 4 |  4.1
Maces & Flails | 1 2 3 4 |  4.9
Unarmed Combat | 1 2 3 4 |  4.1
Evocations     | 1 2 3 4 |  4.2
Earth Magic    | 1 2 3 4 |  4.6
Poison Magic   | 3 4 5 |  5.2

Action                   |  1- 3 |  4- 6 |  7- 9 | 10-12 | 13-15 | 16-18 || total
-------------------------+-------+-------+-------+-------+-------+-------++-------
Melee: Club              |     2 |       |       |       |       |       ||     2
       Short sword       |     5 |       |       |       |       |       ||     5
       Dagger            |     1 |    76 |   114 |   156 |   210 |    26 ||   583
       Scimitar          |       |       |       |       |    70 |     4 ||    74
       Trident           |       |       |       |       |    17 |    30 ||    47
 Fire: Hand crossbow     |       |       |    86 |    23 |    59 |       ||   168
       Fustibalus        |       |       |       |       |       |    13 ||    13
Throw: Stone             |     1 |    11 |       |       |       |       ||    12
       Dart              |       |       |     3 |     3 |       |       ||     6
 Cast: Sting             |    52 |    29 |     1 |    25 |     3 |       ||   110
       Poisonous Vapours |    16 |    39 |    93 |   167 |   289 |    33 ||   637
       Ignite Poison     |       |     3 |    21 |    68 |   182 |    25 ||   299
       Olgreb's Toxic Ra |       |       |     8 |    34 |    86 |    23 ||   151
       Mephitic Cloud    |       |       |       |     4 |     9 |     4 ||    17
       Blink             |       |       |       |     1 |     2 |     5 ||     8
       Apportation       |       |       |       |       |     4 |    11 ||    15
       Stone Arrow       |       |       |       |       |    38 |    72 ||   110
       Dispel Undead     |       |       |       |       |       |     7 ||     7
       Summon Forest     |       |       |       |       |       |     3 ||     3
       Passwall          |       |       |       |       |       |     1 ||     1
Invok: Ancestor Life: Kn |       |       |       |     1 |       |       ||     1
       Recall Ancestor   |       |       |       |     3 |    13 |     6 ||    22
       Idealise          |       |       |       |     1 |    10 |     1 ||    12
       Transference      |       |       |       |     1 |       |     3 ||     4
 Abil: Evoke Invisibilit |       |       |       |       |     1 |       ||     1
Evoke: Wand              |       |       |     6 |    23 |    19 |    15 ||    63
       Lightning rod     |       |       |       |       |       |     4 ||     4
       Box of beasts     |       |       |       |       |       |     2 ||     2
  Use: Scroll            |       |     4 |     6 |     7 |    24 |    10 ||    51
 Stab: Distracted        |       |       |       |     3 |     6 |       ||     9
       Sleeping          |       |       |       |     2 |     2 |       ||     4
       Paralysed         |       |       |       |     2 |     3 |     2 ||     7
Armor: Robe              |    11 |    20 |    30 |    18 |       |       ||    79
       Ring mail         |       |       |    39 |    44 |   200 |   108 ||   391
Dodge: Dodged            |    38 |    42 |   103 |    93 |   287 |   124 ||   687
Block: Buckler           |     5 |    14 |    33 |    49 |   134 |    63 ||   298
       Rpst.: Scimitar   |       |       |       |       |    18 |       ||    18
